cohdb
Replays
Latest Replays
All Replays
Popular Replays
Top Player Replays
Match Explorer
How It Works
Community
CoH3 Stats
Reddit
Sign in to upload your games and track your stats! →
Sign in with Steam
Match 37888328
Unlisted
Match 37888328
Overview
Messages
Build Orders
End
Kettenkrad Recon Vehicle
Construct Infanterie Kompanie
MG 42 Machine Gun Team
MG 42 Machine Gun Team
Infanterie Officer Quarters
Grenadier Squad
MG 42 Bunker
Medical Station
MG 42 Bunker
GrW 34 Mortar Team
Grenadier Squad
Construct Luftwaffe Kompanie
Support Elements
Pioneer Squad
Wirbelwind Flakpanzer
Brain
WuTight
微操蒋中正
clarkpmike
Honey
khj
Zebra
kpudk
0
0
Comments
sign in to comment!
No comments posted yet!